 Dungeon Crawl Stone Soup version 0.17.0-28-g6e173f8 (webtiles) character file.

190 gorblad the Skirmisher (level 5, -5/51 HPs)
             Began as a Draconian Fighter on Nov 30, 2015.
             Slain by an ogre
             ... wielding a +0 giant club
              (10 damage)
             ... on level 3 of the Dungeon.
             The game lasted 00:08:42 (2259 turns).

gorblad the Skirmisher (Draconian Fighter)          Turns: 2259, Time: 00:08:42

Health: -5/51      AC:  8    Str: 19    XL:     5   Next: 41%
Magic:  5/5        EV:  5    Int:  8    God:
Gold:   96         SH: 10    Dex: 11    Spells: 0 memorised, 4 levels left

rFire  . . .     SeeInvis .     a - +0 flail
rCold  . . .     Clarity  .     (armour unavailable)
rNeg   + . .     SustAt   .     b - +1 shield
rPois  .         Gourm    .     (helmet restricted)
rElec  .         Spirit   .     B - +2 cloak
rCorr  .         Warding  +     (no gloves)
rMut   .         Stasis   .     (no boots)
MR     .....                    m - amulet of warding
Stlth  +.........               (no ring)
                                (no ring)

@: not resistant to hostile enchantments, very unstealthy
A: unfitting armour, cold-blooded, AC +5
a: no special abilities


You were on level 3 of the Dungeon.
You were not hungry.

You visited 1 branch of the dungeon, and saw 3 of its levels.

You collected 96 gold pieces.

Inventory:

Hand Weapons
 a - a +0 flail (weapon)
Missiles
 f - 4 tomahawks (quivered)
Armour
 b - a +1 shield (worn)
 A - a +2 cloak
 B - a +2 cloak (worn)
Jewellery
 m - an amulet of warding (around neck)
Wands
 t - a wand of random effects (40)
Scrolls
 o - 2 scrolls of amnesia
 p - a scroll of fear
 s - 2 scrolls of recharging
Potions
 c - a potion of might
 e - a potion of magic {unknown}
 g - a potion of heal wounds {unknown}
 h - a potion of brilliance {unknown}
 i - 2 potions of invisibility {unknown}
 k - 2 potions of lignification {unknown}
 r - 3 potions of curing
 v - a potion of resistance {unknown}
 w - a potion of cancellation {unknown}
Comestibles
 d - 2 bread rations
 l - 5 chunks of flesh
 q - 2 fruits


   Skills:
 + Level 6.8 Fighting
 - Level 2.0 Maces & Flails
 - Level 2.6 Dodging
 - Level 3.0 Shields


You had 4 spell levels left.
You didn't know any spells.

Dungeon Overview and Level Annotations

Branches:
Dungeon (3/15)

Altars:


Innate Abilities, Weirdness & Mutations

Your plain brown scales are hard (AC +5).
Your body does not fit into most forms of armour.
You are cold-blooded and may be slowed by cold attacks.


Message History

The shadow imp is severely wounded.
The shadow imp hits you but does no damage.
The ogre hits you with a giant club! You block the shadow imp's attack.
You closely miss the shadow imp.
The shadow imp is severely wounded.
You block the ogre's attack.
The shadow imp hits you but does no damage.
You barely miss the shadow imp.
Your tail-slap misses the shadow imp.
The shadow imp is severely wounded.
The ogre hits you with a giant club!
* * * LOW HITPOINT WARNING * * *
The shadow imp lashes its tail.
You block the shadow imp's attack. x2
You are too injured to fight recklessly!
You are too injured to fight recklessly!
You are too injured to fight recklessly!
Some of the chunks of flesh in your inventory have rotted away.
There is a stone staircase leading up here.
The ogre hits you with a giant club!
You die...

***,,,*****,*,#.#....###.........
,,,,,,,,,,,,,,,.......,+.........
***,,,*****,*,*......**#.........
*,,** *,#,*#...#,* ##.......#
*,** #.#.##..##.# ##.....## *,*
#..........# ##...## *,*
######5##### ##+## *,* #O# #.###
*,* #@######## #.#.## ***,*
#........# ##..#.# ,,,,*
########.###..###. ***** #.##..##
## #....## # #####.## ## #..###.
#.#.#.# #......


You could see an ogre and a shadow imp.

Vanquished Creatures
  Crazy Yiuf (D:3)
  2 orc wizards (D:3)
  4 adders
  An ooze (D:1)
  A worm (D:2)
  7 orcs (D:3)
  9 bats
  9 goblins
  3 hobgoblins
  3 jackals (D:1)
  10 kobolds
  A quokka (D:2)
  A ball python (D:3)
  2 giant newts
  5 rats
59 creatures vanquished.

Notes
Turn   | Place    | Note
--------------------------------------------------------------
     0 | D:1      | gorblad the Draconian Fighter began the quest for the Orb.
     0 | D:1      | Reached XP level 1. HP: 19/19 MP: 1/1
   222 | D:1      | Reached skill level 4 in Fighting
   222 | D:1      | Reached XP level 2. HP: 20/27 MP: 2/2
   829 | D:2      | Reached XP level 3. HP: 21/34 MP: 3/3
  1229 | D:2      | Reached skill level 5 in Fighting
  1687 | D:3      | Reached XP level 4. HP: 31/42 MP: 4/4
  1805 | D:3      | Noticed Crazy Yiuf
  1819 | D:3      | Killed Crazy Yiuf
  1930 | D:3      | Reached skill level 6 in Fighting
  2008 | D:3      | Reached XP level 5. HP: 48/51 MP: 5/5
  2251 | D:3      | Noticed an ogre
  2259 | D:3      | Slain by an ogre

Action                   |  1- 3 |  4- 6 || total
-------------------------+-------+-------++-------
Melee: Flail             |   145 |    80 ||   225
  Use: Scroll            |       |    12 ||    12
 Stab: Sleeping          |       |     1 ||     1
  Eat: Chunk             |     3 |     2 ||     5
